 Dungeon Crawl Stone Soup version 0.28-a0-384-g9e0c098162 (webtiles) character file.

Game seed: 15367765460005294684

124 hawla the Grave Robber (level 4, -15/25 HPs)
             Began as a Deep Elf Necromancer on Sept 2, 2021.
             Demolished by an ogre (25 damage)
             ... on level 5 of the Dungeon.
             The game lasted 00:09:29 (3600 turns).

hawla the Grave Robber (Deep Elf Necromancer)       Turns: 3600, Time: 00:09:30

Health: -15/25     AC:  3    Str:  4 (5)  XL:     4   Next: 81%
Magic:  0/12       EV: 13    Int: 19 (21) God:
Gold:   73         SH:  0    Dex: 12 (15) Spells: 4/12 levels left

rFire   . . .      SeeInvis .   j - staff of cold
rCold   + . .      Faith    .   (no shield)
rNeg    . . .      Spirit   .   a - +1 robe
rPois   .          Reflect  .   (no helmet)
rElec   .          Harm     .   (no cloak)
rCorr   .          Rampage  .   (no gloves)
Will    .....                   (no boots)
Stlth   ++........              (no amulet)
HPRegen 0.08/turn               (no ring)
MPRegen 0.13/turn               (no ring)

@: hasted, very quick
A: no striking features
a: no special abilities


You were on level 5 of the Dungeon.
You visited 1 branch of the dungeon, and saw 5 of its levels.

You collected 73 gold pieces.

Inventory:

Missiles
 e - 7 silver boomerangs
 f - 7 boomerangs
Armour
 a - a +1 robe (worn)
Magical Staves
 j - a staff of cold (weapon)


   Skills:
 + Level 1.5 Fighting
 + Level 3.5 Dodging
 - Level 3.0 Stealth
 + Level 4.5 Spellcasting
 + Level 5.3 Necromancy


You had 4 spell levels left.
You knew the following spells:

 Your Spells              Type           Power      Damage    Failure   Level
a - Pain                  Necr           96%        1d8       1%          1
b - Vampiric Draining     Necr           12%        2d7       4%          3
c - Animate Dead          Necr           12%        N/A       14%         4

Your spell library contained the following spells:

 Spells                   Type           Power      Damage    Failure   Level
 Animate Skeleton         Necr           48%        N/A       1%          1
 Magic Dart               Conj           16%        1d3       13%         1
 Searing Ray              Conj           8%         3d3       21%         2
 Fulminant Prism          Conj/Hex       2%         3d6       78%         4
 Agony                    Necr           24%        N/A       38%         5


Dungeon Overview and Level Annotations

Branches:
Dungeon (5/15)
 Temple: D:4-7

Altars:

Annotations:
D:4 Robin


Message History

You aren't carrying any scrolls.
Found 19 gold pieces.
The ogre shouts!
Casting: Vampiric Draining (quite dangerous; 4% risk of failure)
Confirm with . or Enter, or press ? or * to list all spells.
The spell is quite dangerous to cast (4% risk of failure)!
Continue anyway?
Aiming: Vampiric Draining (quite dangerous; 4% risk of failure)
Press: ? - help, Shift-Dir - straight line, f - ogre
Aim: an ogre, wielding a +0 giant spiked club You draw life force from the ogre!
You feel life coursing into your body! The ogre barely misses you.
Casting: Vampiric Draining (quite dangerous; 4% risk of failure)
Confirm with . or Enter, or press ? or * to list all spells.
Aiming: Pain (safe; 1% risk of failure)
Press: ? - help, Shift-Dir - straight line, f/p - ogre
Aim: an ogre, wielding a +0 giant spiked club (heavily wounded, chance to affect: 83%)
The ogre writhes in agony.
The goblin hits you with a +0 dagger.
You hit the ogre.
The ogre is heavily wounded.
The ogre misses you.
You hit the ogre.
The ogre is severely wounded.
The goblin hits you with a +0 dagger.
* * * LOW HITPOINT WARNING * * *
You hit the ogre.
The ogre is severely wounded.
The ogre misses you. The goblin hits you with a +0 dagger.
* * * LOW HITPOINT WARNING * * *
You closely miss the ogre.
The ogre is severely wounded.
The goblin barely misses you.
You hit the ogre but do no damage.
The ogre is severely wounded.
The ogre barely misses you.
You feel better.
The goblin no longer looks unusually strong.
The goblin hits you with a +0 dagger.
The ogre hits you with a +0 giant spiked club!!
Ouch! That really hurt!
You die...

$ ... ## #..#
##..####....#
#....g@O....#
#...#####...#
#.. ..# #. .
#


You could see an ogre and a goblin (inner flame).

Vanquished Creatures
  An orc wizard (D:4)
  A gnoll (D:2)
  A worm (D:2)
  A dart slug (D:4)
  4 orcs (D:4)
  4 endoplasms
  4 giant cockroaches
  8 goblins
  4 hobgoblins
  9 jackals (D:2)
  11 ball pythons
  6 bats
  2 frilled lizards
  8 kobolds
  4 rats (D:1)
68 creatures vanquished.

Vanquished Creatures (collateral kills)
  A jackal (D:2)
1 creature vanquished.

Grand Total: 69 creatures vanquished

Notes
Turn   | Place    | Note
-------+----------+-------------------------------------------
     0 | D:1      | hawla the Deep Elf Necromancer began the quest for the Orb.
     0 | D:1      | Reached XP level 1. HP: 10/10 MP: 6/6
   491 | D:1      | Reached XP level 2. HP: 14/15 MP: 6/8
   795 | D:1      | Reached skill level 5 in Necromancy
  1738 | D:2      | Reached XP level 3. HP: 18/20 MP: 7/10
  1861 | D:2      | Learned a level 3 spell: Vampiric Draining
  1960 | D:2      | Reached skill level 1 in Fighting
  2762 | D:2      | Found a faded altar of an unknown god.
  2790 | D:2      | Reached XP level 4. HP: 16/25 MP: 0/12
  2896 | D:2      | Learned a level 4 spell: Animate Dead
  3339 | D:3      | Noticed a necrophage
  3561 | D:4      | Noticed a scorpion
  3563 | D:4      | Noticed Robin
  3591 | D:5      | Entered Level 5 of the Dungeon
  3591 | D:5      | Noticed an ogre
  3600 | D:5      | Demolished by an ogre

Illustrated notes

Levels and vault maps discovered:
D:1:      saegor_arrival_miasma, layout_basic
D:2:      layout_basic, hellmonk_ecumenical_altar_dog_temple,
          hangedman_abyss_or_decor_lesser_grid, minmay_3d_cube
D:3:      layout_basic
D:4:      layout_basic, lemuel_crystal_altar, minmay_goblin_kobold_house,
          uniq_robin
D:5:      layout_layer_cave, temple_pool_b

Skill      XL: |  1  2  3 |
---------------+----------+-----
Necromancy     | 5 |  5.3
Stealth        | 3 |  3.0
Dodging        | 3 |  3.5
Fighting       | 1 |  1.5
Spellcasting   | 4 |  4.5

Action                   |  1- 3 |  4- 6 || total
-------------------------+-------+-------++-------
Melee: Dagger            |     4 |       ||     4
       Staff             |       |    36 ||    36
 Cast: Pain              |    81 |    19 ||   100
       Vampiric Draining |     6 |     7 ||    13
       Animate Dead      |       |     3 ||     3
  Use: Scroll            |     4 |     4 ||     8
       Potion            |       |     5 ||     5
 Stab: Sleeping          |       |     1 ||     1
Armor: Robe              |     4 |    25 ||    29
Dodge: Dodged            |    25 |    62 ||    87

Table legend: (Time is in decaauts)
 A = Elapsed time spent in this place.
 B = Non-inter-level travel time spent in this place.
 C = Inter-level travel time spent in this place.
 D = Time resting spent in this place.
 E = Time spent auto-exploring this place.
 F = Levels seen in this place.
 G = Mean time per level.
                   A        B        C        D        E       F      G
               +--------+--------+--------+--------+--------+-----+--------+
         Total |   3598 |   3531 |     67 |    349 |   2753 |   5 |  719.6 |
       Dungeon |   3598 |   3531 |     67 |    349 |   2753 |   5 |  719.6 |
               +--------+--------+--------+--------+--------+-----+--------+

Top non-repeatable levels by time:
     D:2: 1656 daAuts
     D:1: 1541 daAuts
     D:4: 213 daAuts
     D:3: 180 daAuts
     D:5: 6 daAuts
